 Dungeon Crawl Stone Soup version 0.29-a0-330-g52719c12eb (webtiles) character file.

Game seed: 15280143266042199221

9549 kae the Arsonist (level 11, -1/77 HPs)
             Began as an Octopode Fire Elementalist on Apr 16, 2022.
             Was a Follower of Ashenzari.
             Slain by a gargoyle
             ... wielding a +0 mace
              (13 damage)
             ... in a bailey.
             The game lasted 00:13:45 (13749 turns).

kae the Arsonist (Octopode Fire Elementalist)      Turns: 13749, Time: 00:13:45

Health: -1/77      AC:  9    Str:  7    XL:     11   Next: 48%
Magic:  20/22      EV: 19    Int: 26    God:    Ashenzari [*.....]
Gold:   299        SH:  0    Dex: 12    Spells: 0/25 levels left

rFire   + . .      SeeInvis .   m - +3 dagger of Immorality {vorpal, rPois Int+3}
rCold   . . .      Faith    .   (no shield)
rNeg    . . .      Spirit   .   (helmet restricted)
rPois   +          Reflect  .   y - amulet "Ensconced Together" {Regen+, Comp, Self} (curse)
rElec   .          Harm     .   b - +4 ring of protection
rCorr   .          Rampage  .   p - ring of protection from fire
Will    .....                   w - ring "Eternal Entitlement" {AC+4, Bglg, Evo} (curse)
Stlth   +++++.....              A - ring "I Knew You'd Do That" {EV+4, Self, Comp} (curse)
HPRegen 1.02/turn               (no ring)
MPRegen 0.18/turn               (no ring)
                                (no ring)
                                (no ring)

@: no status effects
A: almost no armour, amphibious, 8 rings, camouflage 1, gelatinous body 1,
(nimble swimmer 1), tentacles
a: Renounce Religion, Shatter the Chains


You were in a bailey.
You worshipped Ashenzari.
Ashenzari was aware of your devotion.
You visited 1 branch of the dungeon, and saw 10 of its levels.
You also visited: Bailey.

You collected 429 gold pieces.
You spent 130 gold pieces at shops.

Inventory:

Hand Weapons
 d - a +0 dagger
 m - the +3 dagger of Immorality (weapon) {vorpal, rPois Int+3}
   (You found it on level 2 of the Dungeon)

   It inflicts extra damage upon your enemies.
   Int:       It affects your intelligence (+3).
   rPois:     It protects you from poison.
Jewellery
 b - a +4 ring of protection (left tentacle)
 h - an amulet of the acrobat
 l - an amulet of the acrobat
 p - a ring of protection from fire (right tentacle)
 w - the cursed ring "Eternal Entitlement" (on tentacle) {AC+4, Bglg, Evo}
   (You found it on level 5 of the Dungeon)

   [ring of protection]

   AC:        It affects your AC (+4).
   It has a curse which improves the following skills: Beguiling: Conjurations,
   Hexes and Translocations.
   Evocations: Evocations.
 y - the cursed amulet "Ensconced Together" (around mantle) {Regen+, Comp, Self}
   (You found it on level 7 of the Dungeon)

   [amulet of regeneration]

   Regen:     It increases your rate of health regeneration.
   It has a curse which improves the following skills: Companions: Summonings
   and Necromancy.
   Introspection: Fighting and Spellcasting.
 A - the cursed ring "I Knew You'd Do That" (on tentacle) {EV+4, Self, Comp}
   (You found it on level 7 of the Dungeon)

   [ring of evasion]

   EV:        It affects your evasion (+4).
   It has a curse which improves the following skills: Introspection: Fighting
   and Spellcasting.
   Companions: Summonings and Necromancy.
Wands
 k - a wand of paralysis (7)
Scrolls
 f - 2 scrolls of magic mapping
 i - a scroll of noise
 j - 5 scrolls of immolation
 n - 4 scrolls of enchant armour
 v - 2 scrolls of fog
 x - 2 scrolls of amnesia
Potions
 a - 4 potions of magic
 c - a potion of haste
 e - 4 potions of flight
 g - a potion of berserk rage
 q - 4 potions of attraction
 r - a potion of lignification
 s - 2 potions of brilliance
 t - a potion of might
 z - a potion of degeneration


   Skills:
 + Level 6.6(7.9) Fighting
 + Level 6.9 Dodging
 + Level 9.9 Stealth
 + Level 6.5(7.8) Spellcasting
 + Level 6.7(7.5) Conjurations
 * Level 10.1 Fire Magic


You couldn't memorise any spells.
You knew the following spells:

 Your Spells              Type           Power      Damage    Failure   Level
a - Foxfire               Conj/Fire      100%       2x1d9     1%          1
b - Scorch                Fire           100%       2d10      1%          2
c - Conjure Flame         Conj/Fire      54%        6-21      1%          3
d - Inner Flame           Hex/Fire       36%        N/A       2%          3
e - Flame Wave            Conj/Fire      54%        2d11      1%          4
f - Slow                  Hex            40%        N/A       5%          1
g - Mephitic Cloud        Conj/Pois/Air  23%        N/A       6%          3
h - Ignite Poison         Fire/Tmut/Pois 27%        N/A       4%          3
i - Fireball              Conj/Fire      27%        3d12      4%          5

Your spell library contained the following spells:

 Spells                   Type           Power      Damage    Failure   Level
 Animate Skeleton         Necr           22%        N/A       5%          1
 Beastly Appendage        Tmut           20%        N/A       6%          1
 Iskenderun's Battlesphe  Conj           49%        2d10      7%          5
 Blink                    Tloc           20%        N/A       9%          2
 Ensorcelled Hibernation  Hex/Ice        20%        N/A       9%          2
 Passwall                 Tmut/Erth      8%         N/A       9%          2
 Sublimation of Blood     Necr           11%        N/A       9%          2
 Wereblood                Tmut           10%        N/A       9%          2
 Summon Guardian Golem    Hex/Summ       10%        N/A       16%         3
 Vampiric Draining        Necr           11%        2d6       16%         3
 Confusing Touch          Hex            10%        N/A       17%         3
 Lesser Beckoning         Tloc           10%        N/A       17%         3
 Spider Form              Tmut/Pois      10%        N/A       17%         3
 Swiftness                Air            10%        N/A       17%         3
 Tukima's Dance           Hex            10%        N/A       17%         3
 Anguish                  Hex/Necr       5%         N/A       47%         4
 Freezing Cloud           Conj/Ice/Air   11%        6-21      50%         5
 Manifold Assault         Tloc           10%        N/A       83%         5
 Conjure Ball Lightning   Conj/Air       14%        3x3d6     88%         6
 Orb of Destruction       Conj           24%        9d9       91%         7
 Summon Cactus Giant      Summ           5%         N/A       100%        6
 Enfeeble                 Hex            5%         N/A       100%        7
 Spellforged Servitor     Conj/Summ      15%        N/A       100%        7
 Necromutation            Tmut/Necr      5%         N/A       100%        8
 Shatter                  Erth           5%         3d8*      100%        9


Dungeon Overview and Level Annotations

Branches:
Dungeon (10/15)            Temple (0/1) D:5            Lair (0/6) D:10
 Bailey (1/1)
    Orc: D:9-12

Altars:
Ashenzari
Cheibriados
Dithmenos
Fedhas
Ru
Sif Muna
Uskayaw
Yredelemnul

Shops:
D:3 *   D:4 [[**(   D:7 (   D:9 [

Annotations:
D:10 exclusion: vampire


Innate Abilities, Weirdness & Mutations

You cannot wear most types of armour.
You are amphibious.
You can wear up to eight rings at the same time.
Your skin changes colour to match your surroundings (Stealth+).
Your rubbery body absorbs attacks. (AC +1, EV +1)
((You are camouflaged when in or above water. (Stealth+)))
You have tentacles for arms and can constrict up to eight enemies at once.


Message History

The gargoyle is moderately damaged.
You constrict the gargoyle, but do no damage.
The gargoyle hits you with a +0 mace!
You are too injured to fight recklessly!
You are too injured to fight recklessly!
You are too injured to fight recklessly!
You are too injured to fight recklessly!
You are too injured to fight recklessly!
You are too injured to fight recklessly!
You hit the gargoyle but do no damage.
The gargoyle is moderately damaged.
You constrict the gargoyle, but do no damage.
The gargoyle hurls a stone arrow at you.
The stone arrow hits you!!
You barely miss the gargoyle.
You squeeze the gargoyle, but do no damage.
The gargoyle is moderately damaged.
You constrict the gargoyle. The gargoyle closely misses you.
You hit the gargoyle but do no damage.
The gargoyle is moderately damaged.
You constrict the gargoyle, but do no damage.
The gargoyle hurls a stone arrow at you.
The stone arrow misses you.
You hit the gargoyle.
You squeeze the gargoyle, but do no damage.
The gargoyle is heavily damaged.
You constrict the gargoyle, but do no damage.
The gargoyle misses you.
You hit the gargoyle but do no damage.
The gargoyle is heavily damaged.
You constrict the gargoyle, but do no damage.
The gargoyle hits you with a +0 mace!!
* * * LOW HITPOINT WARNING * * *
Casting: Foxfire (safe; 1% risk of failure)
Confirm with . or Enter, or press ? or * to list all spells.
Flames lash the gargoyle.
The gargoyle is heavily damaged.
The gargoyle's fire resistance burns away.
You constrict the gargoyle. The gargoyle hits you with a +0 mace!
You die...

............#....##..#
..♣.♣......##.))##...#
.......♣....##...)..8#
#.....♣..♣...##....###
..............#...##
.......♣.♣.♣..#..##
#..# #..+ #.@+ #.9#
#..# ####


You could see a gargoyle (combustible).

Vanquished Creatures
  A centaur warrior (D:8)
  2 two-headed ogres
  Pikel (D:4)
  A manticore (D:8)
  Maurice (D:9)
  Prince Ribbit (D:7)
  A vampire (D:8)
  5 yaks (D:7)
  3 wyverns
  A wraith (D:7)
  3 steam dragons
  3 water moccasins (D:8)
  3 ice beasts
  A black bear (D:4)
  2 sky beasts (D:7)
  2 ogres
  2 orc warriors
  3 centaurs
  3 lemures (D:4)
  A kobold brigand (D:8)
  A bullfrog (D:8)
  A scorpion (D:6)
  5 necrophages
  5 gnoll sergeants (D:6)
  5 jellies
  10 wights
  7 killer bees
  4 vampire bats (Bailey)
  4 howler monkeys
  2 wolf zombies (Bailey)
  3 hounds (D:5)
  2 orc priests
  2 gnoll shamans (D:6)
  15 orc wizards
  8 gnolls
  12 adders
  A shadow imp (D:6)
  2 white imps
  2 worms (D:2)
  5 dart slugs
  37 orcs
  3 ball pythons
  5 bats
  4 endoplasms
  3 giant cockroaches
  5 goblins
  4 hobgoblins
  8 jackals
  15 kobolds
  4 quokkas
  A frilled lizard (D:2)
  14 orc zombies (Bailey)
  5 rats (D:2)
244 creatures vanquished.

Vanquished Creatures (others)
  2 orc wizards
  799 foxfires
  A plant (D:5)
802 creatures vanquished.

Grand Total: 1046 creatures vanquished

Notes
Turn   | Place    | Note
-------+----------+-------------------------------------------
     0 | D:1      | kae the Octopode Fire Elementalist began the quest for the
                  | Orb.
     0 | D:1      | Reached XP level 1. HP: 11/11 MP: 3/3
    79 | D:1      | Reached XP level 2. HP: 18/18 MP: 1/5
   596 | D:1      | Reached XP level 3. HP: 22/22 MP: 3/6
   800 | D:1      | You fall into a shaft and drop 1 floor!
  1088 | D:2      | Reached skill level 1 in Fighting
  1242 | D:2      | Reached XP level 4. HP: 28/28 MP: 4/7
  1281 | D:2      | Learned a level 2 spell: Scorch
  1285 | D:2      | Learned a level 3 spell: Conjure Flame
  1799 | D:2      | Identified the +3 dagger of Immorality {vorpal, rPois
                  | Int+3}
  1882 | D:2      | Reached skill level 4 in Fire Magic
  1882 | D:2      | Reached XP level 5. HP: 33/33 MP: 5/8
  2347 | D:3      | Found a shimmering blue altar of Sif Muna.
  2362 | D:3      | Found a hide-covered altar of Uskayaw.
  2473 | D:3      | Learned a level 3 spell: Inner Flame
  2581 | D:3      | Found Cobozxe's Assorted Antiques.
  2597 | D:3      | Bought a pink potion for 18 gold pieces
  2703 | D:3      | Found a faded altar of an unknown god.
  3033 | D:4      | Found Simeap's Assorted Antiques.
  3037 | D:4      | Bought a lumpy yellow potion for 18 gold pieces
  3037 | D:4      | Bought a puce potion for 18 gold pieces
  3037 | D:4      | Bought a smoky puce potion for 18 gold pieces
  3037 | D:4      | Bought a white potion for 18 gold pieces
  3037 | D:4      | Bought a scroll labelled GUMOS WOYSMY ARAO for 20 gold
                  | pieces
  3037 | D:4      | Bought a scroll labelled ZUAMYI QARIGUKK for 20 gold pieces
  3231 | D:4      | Found a basalt altar of Yredelemnul.
  3263 | D:4      | Reached XP level 6. HP: 27/39 MP: 2/10
  3361 | D:4      | Found Mumak's Antique Armour Shoppe.
  3446 | D:4      | Found Yjach's General Store.
  3914 | D:4      | Found Goyqad Celu's Antique Weapon Shoppe.
  3947 | D:4      | Noticed Pikel
  3955 | D:4      | Killed Pikel
  3956 | D:4      | Reached skill level 5 in Stealth
  3956 | D:4      | Reached skill level 5 in Fire Magic
  3956 | D:4      | Reached XP level 7. HP: 45/45 MP: 4/12
  4112 | D:4      | Reached XP level 8. HP: 52/52 MP: 4/13
  4263 | D:4      | Found Niociuv's Antique Armour Shop.
  4471 | D:4      | Found a broken altar of Ashenzari.
  4503 | D:4      | Found a blossoming altar of Fedhas.
  4526 | D:4      | Became a worshipper of Ashenzari the Shackled
  4569 | D:5      | Entered Level 5 of the Dungeon
  5182 | D:5      | Reached skill level 6 in Fire Magic
  5400 | D:5      | Found a staircase to the Ecumenical Temple.
  6302 | D:6      | Reached XP level 9. HP: 58/58 MP: 11/15
  6344 | D:6      | Learned a level 4 spell: Flame Wave
  6346 | D:6      | Learned a level 1 spell: Slow
  6655 | D:6      | Reached skill level 7 in Fire Magic
  7657 | D:7      | Found Zomp's Weapon Shoppe.
  7905 | D:7      | Reached skill level 5 in Dodging
  8153 | D:7      | Reached skill level 5 in Spellcasting
  8451 | D:7      | Noticed Prince Ribbit
  8462 | D:7      | Killed Prince Ribbit
  8463 | D:7      | Reached skill level 5 in Conjurations
  8641 | D:7      | Reached skill level 8 in Fire Magic
  8668 | D:7      | Reached skill level 5 in Fighting
  8929 | D:7      | Reached XP level 10. HP: 59/66 MP: 9/17
  8933 | D:7      | Learned a level 3 spell: Mephitic Cloud
 10199 | D:8      | Noticed a manticore
 10212 | D:8      | HP: 3/66 [manticore (8)]
 10594 | D:8      | Killed a manticore
 10595 | D:8      | Reached skill level 9 in Fire Magic
 10628 | D:8      | Noticed a centaur warrior
 10784 | D:7      | Learned a level 3 spell: Ignite Poison
 11275 | D:8      | Reached * piety under Ashenzari
 11328 | D:8      | Identified the Catalogue of Necromancy and the Rocks
 11411 | D:8      | Killed a centaur warrior
 11644 | D:8      | Found a sacrificial altar of Ru.
 11701 | D:8      | Reached XP level 11. HP: 74/74 MP: 13/21
 11823 | D:8      | Found a shadowy altar of Dithmenos.
 12187 | D:9      | Noticed a two-headed ogre
 12207 | D:9      | Killed a two-headed ogre
 12363 | D:9      | Identified the +3 leather armour of Bedevilment {rPois MP-9
                  | Dex+2 Slay+2}
 12365 | D:9      | Noticed Maurice
 12518 | D:9      | Killed Maurice
 12707 | D:9      | Found Nihin's Armour Shop.
 13138 | D:9      | Found a snail-covered altar of Cheibriados.
 13298 | D:9      | Learned a level 5 spell: Fireball
 13314 | D:10     | Entered Level 10 of the Dungeon
 13368 | D:10     | Identified the +4 halberd "Vakhoawi" {venom, Str+3}
 13369 | D:10     | Found a flagged portal.
 13374 | D:10     | Noticed a two-headed ogre
 13387 | D:10     | Killed a two-headed ogre
 13388 | D:10     | Reached skill level 10 in Fire Magic
 13416 | Bailey   | Entered a bailey
 13749 | Bailey   | Slain by a gargoyle

Illustrated notes

Levels and vault maps discovered:
D:1:      minmay_arrival_glassed_features, layout_loops_ring
D:2:      layout_basic, minmay_strange_pillars
D:3:      layout_rooms, nicolae_overflow_squiral, serial_shops,
          nicolae_shop_waterfront, ebering_ecumenical_altar_hall
D:4:      layout_basic, mainiacjoe_overflow_24_doors,
          mainiacjoe_overflow_alcove_1, old_standard_altar, serial_shops, shop,
          nicolae_shop_temple_entry_statues_fountains, nicolae_lakefront_shop,
          shop, shop, uniq_pikel
D:5:      layout_basic, minmay_temple_entry_overgrown, minmay_misc_feat_x,
          nicolae_elevator_lobby_plus
D:6:      layout_rooms, minivault_24, nicolae_concentric_dashed_squares_mild,
          pf_guarded_unrand_woodcutter
D:7:      layout_basic, serial_shops, shop, serial_bayou_crossing,
          uniq_prince_ribbit1
D:8:      layout_loops_ring, grunt_dithmenos_smoke_and_mirrors,
          old_standard_altar, minivault_26, minmay_pinched_square
D:9:      layout_cave_pools, lemuel_doored_altar, serial_shops, shop,
          kennysheep_generic_room_9, uniq_maurice
D:10:     layout_irregular_city, david_lair_shrubbed, enter_bailey_2,
          serial_glass, glass_columns_b, glass_columns_c, grunt_ministairs_6
Bailey:   bailey_polearm_vampire_castle_hellmonk, bailey

Skill      XL: |  1  2  3  4  5  6  7  8  9 10 11 |
---------------+----------------------------------+-----
Stealth        | 3 4 5 6 7 9 |  9.9
Fighting       | 1 2 3 5 6 |  6.6
Fire Magic     | 4 5 6 8 9 10 | 10.1
Conjurations   | 2 3 4 5 6 |  6.7
Spellcasting   | 3 4 5 6 |  6.5
Dodging        | 3 4 5 6 |  6.9

Action                   |  1- 3 |  4- 6 |  7- 9 | 10-12 || total
-------------------------+-------+-------+-------+-------++-------
Melee: Unarmed           |     7 |       |       |       ||     7
       Constrict         |     7 |    10 |    11 |    23 ||    51
       Tentacles         |     7 |    13 |    13 |    36 ||    69
       Dagger            |    12 |    42 |    54 |   119 ||   227
       Punch             |       |     2 |     1 |     2 ||     5
 Cast: Foxfire           |    44 |   116 |   180 |   132 ||   472
       Scorch            |       |     6 |    50 |    55 ||   111
       Conjure Flame     |       |       |     6 |     8 ||    14
       Inner Flame       |       |       |     1 |     1 ||     2
       Mephitic Cloud    |       |       |       |     2 ||     2
       Flame Wave        |       |       |       |     7 ||     7
Invok: Curse Item        |       |       |     1 |     2 ||     3
  Use: Scroll            |       |    12 |     7 |     4 ||    23
       Potion            |       |       |       |     9 ||     9
 Stab: Sleeping          |     3 |     2 |       |     3 ||     8
       Invisible         |       |       |       |     2 ||     2
Armor: Skin              |     3 |     8 |    42 |    80 ||   133
Dodge: Dodged            |    14 |    44 |   121 |   308 ||   487

Table legend: (Time is in decaauts)
 A = Elapsed time spent in this place.
 B = Non-inter-level travel time spent in this place.
 C = Inter-level travel time spent in this place.
 D = Time resting spent in this place.
 E = Time spent auto-exploring this place.
 F = Levels seen in this place.
 G = Mean time per level.
                   A        B        C        D        E       F      G
               +--------+--------+--------+--------+--------+-----+--------+
         Total |  13750 |  13337 |    413 |   2177 |   8669 |  11 | 1250.0 |
       Dungeon |  13436 |  13023 |    413 |   2043 |   8597 |  10 | 1343.6 |
        Bailey |    314 |    314 |      0 |    134 |     72 |   1 |  314.0 |
               +--------+--------+--------+--------+--------+-----+--------+

Top non-repeatable levels by time:
     D:7: 3014 daAuts
     D:6: 1924 daAuts
     D:8: 1733 daAuts
     D:4: 1581 daAuts
     D:2: 1263 daAuts
     D:5: 1256 daAuts
     D:1: 1062 daAuts
     D:9: 854 daAuts
     D:3: 664 daAuts
  Bailey: 314 daAuts
    D:10: 82 daAuts
